Map: Automne céruléen EC

Players

Nazhold - Winner!

  • Race: Terran Terran
  • League: Platinum
  • Spawn Location: 1:00

IA (difficile)

  • Race: Terran Terran
  • Spawn Location: 7:00

VOD

Have the link to the VOD?

Description

Reaper and Hellion with proxy libe

14 0:18 Supply Depot
14 0:26 Refinery
15 0:43 Barracks
16 0:54 Refinery
18 1:30 Orbital Command, Reaper
19 1:33 Supply Depot
19 1:46 Factory
22 2:25 Barracks Reactor
21 2:30 Starport
21 2:33 Hellion
24 2:43 Command Center
24 2:51 Liberator,
29 3:17 Hellion
31 3:22 Reaper, Hellion
31 3:23 Supply Depot
35 3:41 Hellion
38 3:44 Hellion
40 3:55 Reaper
41 4:00 Liberator
46 4:17 Hellion x2
47 4:34 Reaper

Time

  • Played on: Jan. 19, 2019, 9:28 a.m.
  • Length: 5:52
Show
View Real Time Build Order
Export as new Build Order

Nazhold Terran - Winner!

Build Orders: Liberator Opening 

Get SALT Encoding   

  12  0:01  SCV  
  13  0:13  SCV  
  14  0:18  Supply Depot  
  14  0:26  Refinery  
  14  0:29  SCV  
  15  0:43  Barracks  
  15  0:46  SCV  
  16  0:54  Refinery  
  16  0:58  SCV  
  17  1:10  SCV  
  18  1:30  Orbital Command, Reaper  
  19  1:33  Supply Depot  
  19  1:46  Factory  
  19  1:56  SCV  
  21  2:13  SCV  
  22  2:25  Barracks Reactor  
  21  2:30  Starport  
  21  2:33  Hellion  
  24  2:37  SCV  
  24  2:43  Command Center  
  24  2:51  Liberator, SCV  
  25  3:05  SCV  
  29  3:17  Hellion  
  31  3:22  Reaper, Hellion  
  31  3:23  Supply Depot  
  34  3:27  SCV  
  35  3:39  SCV  
  35  3:41  Hellion  
  38  3:44  Hellion  
  40  3:55  Reaper  
  41  4:00  Liberator  
  41  4:06  SCV  
  46  4:17  Hellion x2  
  47  4:34  Reaper  
Show
View Real Time Build Order
Export as new Build Order

IA (difficile) Terran 

Build Orders:  

Get SALT Encoding   

  12  0:00  SCV  
  13  0:13  SCV  
  14  0:19  Supply Depot  
  14  0:25  SCV  
  15  0:41  SCV  
  16  0:45  Barracks  
  16  0:53  SCV  
  17  1:05  SCV  
  18  1:18  Command Center  
  18  1:34  Marine, Orbital Command  
  18  1:38  Supply Depot  
  19  1:47  Refinery  
  19  1:52  Marine  
  20  2:00  SCV  
  21  2:02  Barracks  
  21  2:11  Refinery, Marine  
  21  2:13  SCV  
  23  2:25  SCV  
  23  2:29  Supply Depot  
  24  2:31  Barracks Tech Lab  
  24  2:38  SCV  
  25  2:49  Marine x2  
  25  2:51  SCV  
  28  2:53  SCV  
  29  3:03  SCV  
  29  3:05  SCV  
  31  3:07  Marauder  
  31  3:08  Barracks Tech Lab  
  33  3:14  Factory  
  33  3:23  Factory  
  33  3:28  Marine  
  33  3:33  Refinery  
  34  3:52  Refinery  
  34  4:00  Factory Tech Lab, Starport  
  34  4:08  Factory Tech Lab, Starport  
  34  4:13  SCV  
  34  4:14  SCV  
  31  4:18  Hellion  
  31  4:22  Marine  
  26  4:25  Marine, SCV  
  26  4:27  SCV  
  24  4:37  Starport Tech Lab, SCV  
  21  4:39  Marine  
  21  4:42  SCV  
  21  4:45  Starport Tech Lab  
  7  5:13  SCV  
  7  5:20  SCV  
Tags
 
Add a new tag
Caveats
  • Supply blocks, unpowered buildings, or Contaminate may cause inaccurate times.
  • Supply counts are checked every 10 seconds.